 Dungeon Crawl Stone Soup version 0.29-a0-43-g62a80824bf (webtiles) character file.

Game seed: 2100673619865826533

2795 robertstho the Sneak (level 9, -1/74 HPs)
             Began as a Ghoul Necromancer on Feb 2, 2022.
             Was a Follower of Kikubaaqudgha.
             Slain by a death yak (5 damage)
             ... on level 8 of the Dungeon.
             The game lasted 00:18:25 (9340 turns).

robertstho the Sneak (Ghoul Necromancer)            Turns: 9340, Time: 00:18:26

Health: -1/74      AC:  5    Str: 12    XL:     9   Next: 71%
Magic:  17/17      EV: 13    Int: 14    God:    Kikubaaqudgha [*.....]
Gold:   253        SH:  0    Dex: 15    Spells: 6/20 levels left

rFire   . . .      SeeInvis .   m - +9 dagger of Rantaofu {drain, Stlth+}
rCold   + . .      Faith    .   (no shield)
rNeg    + + +      Spirit   .   a - +0 robe
rPois   ∞          Reflect  .   (no helmet)
rElec   .          Harm     .   (no cloak)
rCorr   .          Rampage  .   i - +0 pair of gloves
Will    .....                   d - +1 pair of boots
Stlth   +++++.....              (no amulet)
HPRegen 0.00/turn               r - +6 ring of dexterity
MPRegen 0.15/turn               x - ring of flight

@: flying, inhibited regen
A: claws 1, cold resistance 1, negative energy resistance 3, inhibited
regeneration, torment resistance 2
a: Renounce Religion, Receive Corpses


You were on level 8 of the Dungeon.
You worshipped Kikubaaqudgha.
Kikubaaqudgha was aware of your devotion.
You visited 2 branches of the dungeon, and saw 9 of its levels.

You collected 253 gold pieces.

Inventory:

Hand Weapons
 m - the +9 dagger of Rantaofu (weapon) {drain, Stlth+}
   (You took it off an orc on level 3 of the Dungeon)

   A truly terrible weapon, it drains the life of any living foe it strikes.
   Stlth:     It makes you more stealthy.
Armour
 a - a +0 robe (worn)
 d - a +1 pair of boots (worn)
 i - a +0 pair of gloves (worn)
Magical Staves
 c - a staff of conjuration
Jewellery
 b - a ring of willpower
 r - a +6 ring of dexterity (left hand)
 x - a ring of flight (right hand)
Wands
 j - a wand of polymorph (12)
 w - a wand of paralysis (8)
Scrolls
 f - a scroll of enchant armour
 g - a scroll of vulnerability
 h - a scroll of silence
 k - 2 scrolls of fog
 n - a scroll of teleportation
 o - a scroll of blinking {unknown}
 t - a scroll of torment {unknown}
 y - a scroll of fear {unknown}
Potions
 l - a potion of flight
 p - 2 potions of degeneration {unknown}
 q - 4 potions of curing {unknown}
 s - a potion of attraction {unknown}
 u - a potion of might {unknown}
 v - 3 potions of haste {unknown}
 z - a potion of heal wounds {unknown}


   Skills:
 * Level 5.6 Fighting
 + Level 3.3 Short Blades
 + Level 4.1 Dodging
 * Level 7.7 Stealth
 + Level 2.2 Unarmed Combat
 * Level 6.0 Spellcasting
 + Level 5.8 Necromancy


You had 6 spell levels left.
You knew the following spells:

 Your Spells              Type           Power      Damage    Failure   Level
a - Pain                  Necr           80%        1d8       1%          1
b - Animate Skeleton      Necr           40%        N/A       1%          1
c - Vampiric Draining     Necr           20%        2d7       4%          3
d - Animate Dead          Necr           10%        N/A       14%         4
e - Agony                 Necr           20%        N/A       36%         5

Your spell library contained the following spells:

 Spells                   Type           Power      Damage    Failure   Level
 Iskenderun's Battlesphe  Conj           4%         2d6       99%         5
 Iron Shot                Conj/Erth      2%         9d2       100%        6
 Spellforged Servitor     Conj/Summ      2%         N/A       100%        7


Dungeon Overview and Level Annotations

Branches:
Dungeon (8/15)             Temple (1/1) D:5            Lair (0/6) D:8

Altars:
Fedhas
Gozag
Kikubaaqudgha
Okawaru
Qazlal
Ru
Sif Muna
Trog
Uskayaw
Yredelemnul
Zin
The Shining One

Shops:
D:3 [


Innate Abilities, Weirdness & Mutations

You thrive by killing the living.
You are immune to poison.
You have sharp fingernails.
Your flesh is cold resistant. (rC+)
You are immune to negative energy. (rN+++)
You do not regenerate when monsters are visible.
You are immune to unholy pain and torment.


Message History

The death yak snorts and paws the ground.
There is a stone staircase leading up here.
You fly upwards.
There is a stone staircase leading down here.
There is an escape hatch in the floor here.
You fly downwards.
The hatch slams shut behind you. The hell rat bites you!
The hell rat misses you.
Found 18 sling bullets.
Unknown command.
A shadow imp comes into view.
The hell rat bites you but does no damage.
The hell rat bites you.
The shadow imp shouts!
The hell rat barely misses you.
As you read the scroll of identify, it crumbles to dust.
h - a scroll of silence The wight misses you.
The hell rat completely misses you.
As you read the scroll of identify, it crumbles to dust.
k - 2 scrolls of fog The hell rat misses you.
The wight barely misses you. The shadow imp misses you.
The hell rat closely misses you.
The hell rat bites you but does no damage.
You reach down and open the door.
The hell rat closely misses you.
There is an open door here.
The hell rat bites you!
Found 17 gold pieces.
As you read the scroll of identify, it crumbles to dust.
n - 2 scrolls of teleportation The hell rat barely misses you.
The hell rat bites you!
* * * LOW HITPOINT WARNING * * *
As you read the scroll of teleportation, it crumbles to dust.
You feel strangely unstable. The hell rat bites you!
* * * LOW HITPOINT WARNING * * *
Your surroundings suddenly seem different.
Okay, then.
The death yak bellows! x2
You hit the death yak but do no damage. The death yak gores you.
You die...
Kikubaaqudgha rasps: "You have failed me!
Welcome... oblivion!"

#..........#.#
#..........'..
#.........Y#K#
#..........#.#
#..........#.#
#..........#.#
#..........#Y##
###########...#
#..@# #.YY#
######...#
#).......#
#........#
#......<##
#....^..#
#.......#
#########


You could see 3 death yaks and a kobold.

Vanquished Creatures
  Sigmund (D:2)
  Eustachio (D:6)
  A steam dragon (D:7)
  2 water moccasins (D:6)
  An ice beast (D:7)
  An orc warrior (D:7)
  A necrophage (D:7)
  An ogre (D:5)
  A centaur (D:7)
  A phantom (D:7)
  A kobold brigand (D:8)
  2 bullfrogs
  A gnoll sergeant (D:7)
  A wyvern zombie (D:7)
  A scorpion (D:5)
  A water moccasin zombie (D:6)
  5 wights (D:8)
  A centaur zombie (D:6)
  3 jellies (D:5)
  A bullfrog skeleton (D:4)
  2 hounds
  A gnoll shaman (D:5)
  An orc priest (D:3)
  Jessica (D:3)
  11 orc wizards
  A hell rat (D:8)
  15 gnolls
  8 adders
  A shadow imp (D:7)
  3 white imps
  An ufetubus (D:6)
  An adder skeleton (D:4)
  3 worms
  A dart slug (D:1)
  26 orcs
  6 endoplasms
  5 giant cockroaches
  7 goblins
  4 hobgoblins
  3 jackals (D:2)
  8 quokkas
  7 ball pythons
  10 bats
  3 frilled lizards
  3 kobolds
  A rat (D:2)
161 creatures vanquished.

Notes
Turn   | Place    | Note
-------+----------+-------------------------------------------
     0 | D:1      | robertstho the Ghoul Necromancer began the quest for the
                  | Orb.
     0 | D:1      | Reached XP level 1. HP: 14/14 MP: 2/2
   459 | D:1      | Reached XP level 2. HP: 22/22 MP: 3/3
   987 | D:1      | Found a faded altar of an unknown god.
  1185 | D:2      | Reached XP level 3. HP: 18/27 MP: 0/5
  1296 | D:2      | Reached skill level 1 in Fighting
  1523 | D:2      | Noticed Sigmund
  1539 | D:2      | Killed Sigmund
  1540 | D:2      | Reached skill level 3 in Stealth
  1540 | D:2      | Reached skill level 1 in Unarmed Combat
  1540 | D:2      | Reached XP level 4. HP: 22/36 MP: 0/7
  1540 | D:2      | Reached XP level 5. HP: 25/41 MP: 0/8
  1699 | D:1      | Learned a level 1 spell: Animate Skeleton
  1703 | D:1      | Learned a level 3 spell: Vampiric Draining
  1708 | D:1      | Learned a level 4 spell: Animate Dead
  1878 | D:2      | Reached XP level 6. HP: 39/48 MP: 3/9
  3597 | D:3      | Noticed Jessica
  3600 | D:3      | Killed Jessica
  3605 | D:3      | Identified the +9 dagger of Rantaofu {drain, Stlth+}
  4058 | D:3      | Found Xuzic's Armour Emporium.
  4292 | D:4      | Reached skill level 5 in Necromancy
  4295 | D:4      | Reached XP level 7. HP: 56/56 MP: 11/11
  4423 | D:4      | Reached skill level 4 in Stealth
  4803 | D:4      | Reached skill level 1 in Short Blades
  5008 | D:5      | Entered Level 5 of the Dungeon
  5317 | D:5      | Found a staircase to the Ecumenical Temple.
  5495 | D:5      | Reached skill level 5 in Stealth
  5542 | Temple   | Entered the Ecumenical Temple
  5590 | Temple   | Became a worshipper of Kikubaaqudgha
  5831 | D:5      | Reached XP level 8. HP: 48/63 MP: 12/12
  6307 | D:5      | Learned a level 5 spell: Agony
  6359 | D:5      | Found a shimmering blue altar of Sif Muna.
  6808 | D:6      | Found a hide-covered altar of Uskayaw.
  6808 | D:6      | Found an opulent altar of Gozag.
  6814 | D:6      | Found a basalt altar of Yredelemnul.
  6818 | D:6      | Found a sacrificial altar of Ru.
  7157 | D:6      | Noticed Eustachio
  7167 | D:6      | Killed Eustachio
  7168 | D:6      | Reached skill level 6 in Stealth
  7863 | D:7      | Reached skill level 5 in Spellcasting
  7863 | D:7      | Reached XP level 9. HP: 72/72 MP: 15/15
  7870 | D:7      | Reached skill level 7 in Stealth
  7920 | D:7      | Reached * piety under Kikubaaqudgha
  7920 | D:7      | Received a gift from Kikubaaqudgha
  8047 | D:7      | Found a bloodstained altar of Trog.
  8097 | D:7      | Reached skill level 5 in Fighting
  8948 | D:8      | Noticed a death yak
  8948 | D:8      | Noticed a death yak
  8948 | D:8      | Found a staircase to the Lair.
  9248 | D:8      | Noticed a death yak
  9340 | D:8      | Slain by a death yak

Illustrated notes

Levels and vault maps discovered:
D:1:      minmay_arrival_split_and_join, layout_loops_ring,
          ebering_ecumenical_altar_ruins, serial_park_tiny_1, nrook_campfire
D:2:      layout_rooms, minmay_diced_spiral, uniq_sigmund
D:3:      layout_loops_corners, serial_shops, shop, gup_sewer_entry_pipe,
          chequers_serial_rivers_room_a, minmay_ruptured, uniq_jessica
D:4:      layout_cave_pools, hangedman_abyss_or_decor_jellyfish_corner
D:5:      layout_basic, lemuel_doored_altar, mainiacjoe_overflow_alcove_2,
          minmay_temple_entry_statues, dk_noncrumbling_4, minivault_11,
          hangedman_decor_push
D:6:      layout_gridville, chequers_temple_overflow_minitemple,
          kennysheep_decorative_pillar, uniq_eustachio
D:7:      cheibrodos_quashed, layout_basic, overflow_temple_1_default
D:8:      cheibrodos_fzero, layout_basic, dpeg_lair_monsters
Temple:   dpeg_chambers_temple

Skill      XL: |  1  2  3  4  5  6  7  8  9 |
---------------+----------------------------+-----
Dodging        | 2 3 4 |  4.1
Spellcasting   | 2 3 5 6 |  6.0
Fighting       | 2 3 4 5 |  5.6
Stealth        | 3 5 6 7 |  7.7
Unarmed Combat | 1 2 |  2.2
Necromancy     | 5 |  5.8
Short Blades   | 2 3 |  3.3

Action                   |  1- 3 |  4- 6 |  7- 9 || total
-------------------------+-------+-------+-------++-------
Melee: Unarmed           |    89 |   119 |       ||   208
       Punch             |     1 |     2 |     6 ||     9
       Dagger            |       |    34 |   234 ||   268
 Cast: Pain              |    29 |    13 |    15 ||    57
       Vampiric Draining |       |     8 |    16 ||    24
       Animate Skeleton  |       |     1 |     2 ||     3
Invok: Receive Corpses   |       |       |     1 ||     1
Evoke: Wand              |       |       |     4 ||     4
  Use: Potion            |     2 |     1 |     1 ||     4
       Scroll            |       |     1 |     5 ||     6
 Stab: Invisible         |     1 |     1 |       ||     2
       Sleeping          |     1 |     4 |    17 ||    22
       Paralysed         |       |       |     2 ||     2
Armor: Robe              |    43 |    28 |    42 ||   113
Dodge: Dodged            |    75 |    93 |   146 ||   314

Table legend: (Time is in decaauts)
 A = Elapsed time spent in this place.
 B = Non-inter-level travel time spent in this place.
 C = Inter-level travel time spent in this place.
 D = Time resting spent in this place.
 E = Time spent auto-exploring this place.
 F = Levels seen in this place.
 G = Mean time per level.
                   A        B        C        D        E       F      G
               +--------+--------+--------+--------+--------+-----+--------+
         Total |   9324 |   8955 |    369 |    750 |   6680 |   9 | 1036.0 |
       Dungeon |   9247 |   8907 |    340 |    750 |   6643 |   8 | 1155.9 |
        Temple |     76 |     48 |     28 |      0 |     37 |   1 |   76.0 |
               +--------+--------+--------+--------+--------+-----+--------+

Top non-repeatable levels by time:
     D:3: 1572 daAuts
     D:2: 1532 daAuts
     D:5: 1507 daAuts
     D:6: 1366 daAuts
     D:1: 1186 daAuts
     D:7: 1021 daAuts
     D:4: 722 daAuts
     D:8: 338 daAuts
  Temple: 76 daAuts
